TOP OF THE 1ST |
Mercer Island Screaming Eagles batting - Pitching for Providence Pilgrims : RHP Michizane Honda
|
Pitching: RHP Michizane Honda
|
|
Batting: RHB Milo Hamilton
|
0-0: Foul Ball, location: 2F 0-1: Fly out, F7 (Flyball, 7S, EV 80.0 MPH)
|
Batting: RHB Oscar Meyer
|
0-0: Called Strike 0-1: Called Strike 0-2: Ball 1-2: Strikes out looking
|
Batting: LHB William Stanley
|
0-0: Called Strike 0-1: Swinging Strike 0-2: Ball 1-2: Foul Ball, location: 2F 1-2: Foul Ball, location: 2F 1-2: Foul Ball, location: 2F 1-2: Strikes out swinging
|
Top of the 1st over - 0 runs, 0 hits, 0 errors, 0 left on base; Mercer Island 0 - Providence 0 |
BOTTOM OF THE 1ST |
Providence Pilgrims batting - Pitching for Mercer Island Screaming Eagles : RHP Quinn Brandt
|
Pitching: RHP Quinn Brandt
|
|
Batting: LHB Barrett Thomas
|
0-0: Fly out, F8 (Flyball, 8LD, EV 78.1 MPH)
|
Batting: RHB Carlton Terry
|
0-0: Ball 1-0: Ball 2-0: Called Strike 2-1: Ball 3-1: SINGLE (Groundball, 56D, EV 95.0 MPH)
|
Batting: LHB Alberto Morales
|
0-0: DOUBLE (Line Drive, 7LM, EV 108.8 MPH) Carlton Terry to third
|
Batting: RHB Dave Pace
|
0-0: Called Strike 0-1: Ball 1-1: SINGLE (Line Drive, 78M, EV 104.4 MPH) Carlton Terry scores Alberto Morales to third Runner from 3rd tries for Home, SAFE, throw by CF to home Dave Pace to second
|
Batting: RHB Ed Skinner
|
0-0: Ground out 5-3 (Groundball, 56, EV 83.8 MPH)
|
Batting: LHB Alfredo García
|
0-0: Swinging Strike 0-1: Fly out, F8 (Flyball, 8LD, EV 104.4 MPH)
|
Bottom of the 1st over - 2 runs, 3 hits, 0 errors, 1 left on base; Mercer Island 0 - Providence 2 |
TOP OF THE 2ND |
Mercer Island Screaming Eagles batting - Pitching for Providence Pilgrims : RHP Michizane Honda
|
Batting: LHB Francisco Pérez
|
0-0: Ball 1-0: Ball 2-0: Called Strike 2-1: Ball 3-1: Base on Balls
|
Batting: RHB Koen Weegerink
|
0-0: Called Strike 0-1: Ball 1-1: Foul Ball, location: 2F 1-2: Foul Ball, location: 2F 1-2: Foul Ball, location: 2F 1-2: Foul Ball, location: 2F 1-2: Strikes out looking
|
Batting: RHB Adam Bell
|
0-0: Foul Ball, location: 2F 0-1: SINGLE (Flyball, 8RS, EV 92.5 MPH) Francisco Pérez to second
|
Batting: RHB Floyd Hoover
|
0-0: Grounds into double play, 6-4-3 (Groundball, 6, EV 85.6 MPH)
|
Top of the 2nd over - 0 runs, 1 hit, 0 errors, 1 left on base; Mercer Island 0 - Providence 2 |
BOTTOM OF THE 2ND |
Providence Pilgrims batting - Pitching for Mercer Island Screaming Eagles : RHP Quinn Brandt
|
Batting: RHB Ron Roberts
|
0-0: SINGLE (Line Drive, 8LS, EV 96.9 MPH)
|
Batting: RHB Steve Cline
|
0-0: Foul Ball, location: 2F 0-1: Ball 1-1: Swinging Strike 1-2: Strikes out swinging
|
Batting: RHB Bruce Ayers
|
0-0: Foul Ball, location: 2F 0-1: Called Strike Ron Roberts is caught stealing 2nd base 2-4 0-2: Ball 1-2: Foul Ball, location: 2F 1-2: Ball 2-2: Ground out 6-3 (Groundball, 6, EV 78.1 MPH)
|
Bottom of the 2nd over - 0 runs, 1 hit, 0 errors, 0 left on base; Mercer Island 0 - Providence 2 |
TOP OF THE 3RD |
Mercer Island Screaming Eagles batting - Pitching for Providence Pilgrims : RHP Michizane Honda
|
Batting: RHB Bill Meeks
|
0-0: Ball 1-0: SINGLE (Line Drive, 78M, EV 107.5 MPH)
|
Batting: RHB Jesús Moreno
|
0-0: Ball 1-0: Swinging Strike 1-1: Called Strike 1-2: Ball 2-2: Strikes out swinging
|
Batting: RHB Milo Hamilton
|
0-0: Called Strike 0-1: Ball Bill Meeks steals 2nd base 1-1: Called Strike 1-2: Ball 2-2: Foul Ball, location: 2F 2-2: Ball 3-2: SINGLE (Groundball, 34D, EV 108.1 MPH) Bill Meeks to third
|
Batting: RHB Oscar Meyer
|
0-0: Called Strike 0-1: Ball 1-1: Ball Pickoff Throw to First - Out! 1-3 2-1: Swinging Strike 2-2: Strikes out swinging
|
Top of the 3rd over - 0 runs, 2 hits, 0 errors, 1 left on base; Mercer Island 0 - Providence 2 |
BOTTOM OF THE 3RD |
Providence Pilgrims batting - Pitching for Mercer Island Screaming Eagles : RHP Quinn Brandt
|
Batting: LHB Barrett Thomas
|
0-0: Ball 1-0: Ball 2-0: Ball 3-0: Base on Balls
|
Batting: RHB Carlton Terry
|
0-0: Fly out, F4 (Popup, 34D, EV 68.8 MPH)
|
Batting: LHB Alberto Morales
|
0-0: Fly out, F9 (Flyball, 89D, EV 97.5 MPH)
|
Batting: RHB Dave Pace
|
0-0: Ball 1-0: Fly out, F9 (Flyball, 89M, EV 93.8 MPH)
|
Bottom of the 3rd over - 0 runs, 0 hits, 0 errors, 1 left on base; Mercer Island 0 - Providence 2 |
TOP OF THE 4TH |
Mercer Island Screaming Eagles batting - Pitching for Providence Pilgrims : RHP Michizane Honda
|
Batting: LHB William Stanley
|
0-0: Swinging Strike 0-1: Foul Ball, location: 2F 0-2: Ball 1-2: Foul Ball, location: 2F 1-2: Ball 2-2: Ground out 4-3 (Groundball, 4, EV 86.9 MPH)
|
Batting: LHB Francisco Pérez
|
0-0: Ball 1-0: Fly out, F8 (Flyball, 8RM, EV 90.0 MPH)
|
Batting: RHB Koen Weegerink
|
0-0: Called Strike 0-1: Ball 1-1: Ball 2-1: Foul Ball, location: 2F 2-2: Strikes out swinging
|
Top of the 4th over - 0 runs, 0 hits, 0 errors, 0 left on base; Mercer Island 0 - Providence 2 |
BOTTOM OF THE 4TH |
Providence Pilgrims batting - Pitching for Mercer Island Screaming Eagles : RHP Quinn Brandt
|
Batting: RHB Ed Skinner
|
0-0: Ball 1-0: Foul Ball, location: 2F 1-1: Ball 2-1: Ground out 6-3 (Groundball, 6MD, EV 90.0 MPH)
|
Batting: LHB Alfredo García
|
0-0: Ball 1-0: Swinging Strike 1-1: Ball 2-1: Ground out 4-3 (Groundball, 4, EV 84.4 MPH)
|
Batting: RHB Ron Roberts
|
0-0: Ball 1-0: Ball 2-0: Ball 3-0: Called Strike 3-1: Base on Balls
|
Batting: RHB Steve Cline
|
0-0: Ball 1-0: Called Strike 1-1: Foul Ball, location: 2F 1-2: Ball 2-2: Strikes out swinging
|
Bottom of the 4th over - 0 runs, 0 hits, 0 errors, 1 left on base; Mercer Island 0 - Providence 2 |
TOP OF THE 5TH |
Mercer Island Screaming Eagles batting - Pitching for Providence Pilgrims : RHP Michizane Honda
|
Batting: RHB Adam Bell
|
0-0: Called Strike 0-1: Ball 1-1: Foul Ball, location: 2F 1-2: Ball 2-2: Ball 3-2: Strikes out looking
|
Batting: RHB Floyd Hoover
|
0-0: Fly out, F8 (Flyball, 89D, EV 98.1 MPH)
|
Batting: RHB Bill Meeks
|
0-0: Called Strike 0-1: SINGLE (Line Drive, 4D, EV 104.4 MPH)
|
Batting: RHB Jesús Moreno
|
0-0: Ball 1-0: Ball 2-0: Called Strike 2-1: Ball 3-1: Foul Ball, location: 2F 3-2: Strikes out swinging
|
Top of the 5th over - 0 runs, 1 hit, 0 errors, 1 left on base; Mercer Island 0 - Providence 2 |
BOTTOM OF THE 5TH |
Providence Pilgrims batting - Pitching for Mercer Island Screaming Eagles : RHP Quinn Brandt
|
Batting: RHB Bruce Ayers
|
0-0: SINGLE (Groundball, 56, EV 94.4 MPH)
|
Batting: LHB Barrett Thomas
|
0-0: Sac Bunt to 3S - play at first, batter OUT! 3-1 Bruce Ayers to second
|
Batting: RHB Carlton Terry
|
0-0: Ball 1-0: Swinging Strike 1-1: Ball 2-1: Swinging Strike 2-2: SINGLE (Groundball, 56D, EV 110.6 MPH) Bruce Ayers to third Runner from 3rd tries for Home, SAFE, throw by LF to home Carlton Terry to second
|
Batting: LHB Alberto Morales
|
0-0: Called Strike Carlton Terry is caught stealing 3rd base 2-5 0-1: Ball 1-1: Ball 2-1: Ground out 6-3 (Groundball, 6MD, EV 83.1 MPH)
|
Bottom of the 5th over - 1 run, 2 hits, 0 errors, 0 left on base; Mercer Island 0 - Providence 3 |
TOP OF THE 6TH |
Mercer Island Screaming Eagles batting - Pitching for Providence Pilgrims : RHP Michizane Honda
|
Batting: RHB Milo Hamilton
|
0-0: Foul Ball, location: 2F 0-1: Called Strike 0-2: Foul Ball, location: 2F 0-2: Ball 1-2: Foul Ball, location: 2F 1-2: Foul Ball, location: 2F 1-2: Ball 2-2: Foul Ball, location: 2F 2-2: SINGLE (Groundball, 6MD, EV 100.0 MPH)
|
Batting: RHB Oscar Meyer
|
0-0: Foul Ball, location: 2F 0-1: Ball Balk! Milo Hamilton to second 1-1: Swinging Strike 1-2: Ball 2-2: Strikes out looking
|
Batting: LHB William Stanley
|
0-0: Ball 1-0: Ball 2-0: Called Strike 2-1: SINGLE (Line Drive, 7S, EV 97.5 MPH) Milo Hamilton to third Runner from 3rd tries for Home, SAFE, throw by LF to home
|
Now in LF: Nelson Smith
|
|
Batting: LHB Francisco Pérez
|
0-0: Called Strike 0-1: Ball 1-1: Foul Ball, location: 2F 1-2: Foul Ball, location: 2F 1-2: Ball 2-2: Ball 3-2: Base on Balls William Stanley to second
|
Pitching: LHP Sylvester Whitaker
|
|
Batting: RHB Koen Weegerink
|
0-0: Ball 1-0: Foul Ball, location: 2F 1-1: Swinging Strike 1-2: Strikes out looking
|
Batting: RHB Adam Bell
|
0-0: Ball 1-0: Fly out, F8 (Flyball, 8RD, EV 108.8 MPH)
|
Top of the 6th over - 1 run, 2 hits, 0 errors, 2 left on base; Mercer Island 1 - Providence 3 |
BOTTOM OF THE 6TH |
Providence Pilgrims batting - Pitching for Mercer Island Screaming Eagles : RHP Quinn Brandt
|
Batting: RHB Dave Pace
|
0-0: Ball 1-0: Called Strike 1-1: Ball 2-1: Fly out, F7 (Flyball, 7, EV 89.4 MPH)
|
Batting: RHB Ed Skinner
|
0-0: Called Strike 0-1: Ground out 6-3 (Groundball, 6, EV 110.0 MPH)
|
Batting: LHB Alfredo García
|
0-0: SINGLE (Flyball, 7LS, EV 87.5 MPH)
|
Pitching: RHP José Miranda
|
|
Batting: RHB Ron Roberts
|
0-0: Called Strike 0-1: Foul Ball, location: 2F 0-2: Ball 1-2: Ball 2-2: Foul Ball, location: 2F 2-2: Strikes out swinging
|
Bottom of the 6th over - 0 runs, 1 hit, 0 errors, 1 left on base; Mercer Island 1 - Providence 3 |
TOP OF THE 7TH |
Mercer Island Screaming Eagles batting - Pitching for Providence Pilgrims : LHP Sylvester Whitaker
|
Batting: RHB Floyd Hoover
|
0-0: Fly out, F8 (Flyball, 78S, EV 97.5 MPH)
|
Batting: RHB Bill Meeks
|
0-0: Foul Ball, location: 2F 0-1: Ball 1-1: Called Strike 1-2: Fly out, F9 (Line Drive, 9, EV 105.6 MPH)
|
Batting: RHB Jesús Moreno
|
0-0: Ball 1-0: DOUBLE (Line Drive, 5D, EV 107.5 MPH)
|
Batting: RHB Milo Hamilton
|
0-0: Ball 1-0: Called Strike 1-1: Ball 2-1: Fly out, F9 (Flyball, 89M, EV 90.6 MPH)
|
Top of the 7th over - 0 runs, 1 hit, 0 errors, 1 left on base; Mercer Island 1 - Providence 3 |
BOTTOM OF THE 7TH |
Providence Pilgrims batting - Pitching for Mercer Island Screaming Eagles : RHP José Miranda
|
Batting: RHB Steve Cline
|
0-0: Called Strike 0-1: Ball 1-1: Ball 2-1: Called Strike 2-2: Ball 3-2: Fly out, F7 (Line Drive, 7LS, EV 85.0 MPH)
|
Batting: RHB Bruce Ayers
|
0-0: Foul Ball, location: 2F 0-1: Foul Ball, location: 2F 0-2: Ground out 6-3 (Groundball, 6, EV 103.1 MPH)
|
Batting: LHB Barrett Thomas
|
0-0: Ball 1-0: Foul Ball, location: 2F 1-1: Swinging Strike 1-2: Ball 2-2: Foul Ball, location: 2F 2-2: Ball 3-2: SINGLE (Groundball, 5D, EV 96.2 MPH)
|
Batting: LHB Nelson Smith
|
0-0: Ground out U3 (Groundball, 3L, EV 86.2 MPH)
|
Bottom of the 7th over - 0 runs, 1 hit, 0 errors, 1 left on base; Mercer Island 1 - Providence 3 |
TOP OF THE 8TH |
Mercer Island Screaming Eagles batting - Pitching for Providence Pilgrims : LHP Sylvester Whitaker
|
Batting: RHB Oscar Meyer
|
0-0: Ball 1-0: Called Strike 1-1: Ball 2-1: Swinging Strike 2-2: Ball 3-2: Foul Ball, location: 2F 3-2: Foul Ball, location: 2F 3-2: Fly out, F8 (Flyball, 8LS, EV 78.1 MPH)
|
Batting: RHB Orlando Figoroa
|
0-0: Ground out 6-3 (Groundball, 6, EV 101.9 MPH)
|
Pinch Hitting: RHB Robert Newman
|
0-0: Foul Ball, location: 2F 0-1: Fly out, F8 (Flyball, 8RS, EV 73.8 MPH)
|
Top of the 8th over - 0 runs, 0 hits, 0 errors, 0 left on base; Mercer Island 1 - Providence 3 |
BOTTOM OF THE 8TH |
Providence Pilgrims batting - Pitching for Mercer Island Screaming Eagles : RHP José Miranda
|
Now in LF: Robert Newman
|
|
Batting: LHB Alberto Morales
|
0-0: DOUBLE (Groundball, 3D, EV 96.2 MPH) - OUT at third base trying to stretch hit.
|
Batting: RHB Dave Pace
|
0-0: Ball 1-0: Ball 2-0: Ball 3-0: Base on Balls
|
Batting: RHB Ed Skinner
|
0-0: Ball 1-0: SINGLE (Groundball, 56D, EV 101.2 MPH) Dave Pace to second
|
Batting: LHB Alfredo García
|
0-0: Ball 1-0: Ball 2-0: Fielders Choice at 2nd, 4-6 (Groundball, 4D, EV 105.0 MPH) Dave Pace to third
|
Batting: RHB Ron Roberts
|
0-0: Fly out, F8 (Flyball, 8LD, EV 85.6 MPH)
|
Bottom of the 8th over - 0 runs, 2 hits, 0 errors, 2 left on base; Mercer Island 1 - Providence 3 |
TOP OF THE 9TH |
Mercer Island Screaming Eagles batting - Pitching for Providence Pilgrims : LHP Sylvester Whitaker
|
Pitching: RHP José Márquez
|
|
Now at 1B: Oliwa Kileona
|
|
Batting: RHB Koen Weegerink
|
0-0: Ball 1-0: Called Strike 1-1: Ball 2-1: Foul Ball, location: 2F 2-2: DOUBLE (Line Drive, 9LM, EV 105.6 MPH)
|
Pinch Hitting: LHB Esteban Mejía
|
0-0: Foul Ball, location: 2F 0-1: Foul Ball, location: 2F 0-2: Strikes out looking
|
Pinch Hitting: LHB Joe Brouwers
|
0-0: Foul Ball, location: 2F 0-1: Swinging Strike 0-2: Strikes out looking
|
Pinch Hitting: LHB Roland Davis
|
0-0: Fly out, F9 (Flyball, 9D, EV 95.0 MPH)
|
Top of the 9th over - 0 runs, 1 hit, 0 errors, 1 left on base; Mercer Island 1 - Providence 3 |
|